 Dungeon Crawl Stone Soup version 0.14-a0-218-g24e112a (console) character file.

8012 Illaniel the Carver (level 10, -1/65 HPs)
             Began as a High Elf Skald on Oct 9, 2013.
             Was an Elder of Okawaru.
             Slain by an unseen horror (6 damage)
             ... on Level 10 of the Dungeon on Oct 10, 2013.
             The game lasted 01:38:27 (14787 turns).

Illaniel the Carver (High Elf Skald)               Turns: 14787, Time: 01:38:28

HP  -1/65        AC  1     Str 12      XL: 10   Next: 94%
MP  15/27        EV 16     Int 25      God: Okawaru [****..]
Gold 524         SH  0     Dex 14      Spells:  4 memorised, 15 levels left

Res.Fire  : . . .   See Invis. : .   a - +2,+3 falchion
Res.Cold  : . . .   Warding    : .   (no armour)
Life Prot.: . . .   Conserve   : .   (no shield)
Res.Poison: .       Res.Corr.  : .   (no helmet)
Res.Elec. : .       Clarity    : .   (no cloak)
Sust.Abil.: . .     Spirit.Shd : .   (no gloves)
Res.Mut.  : .       Stasis     : .   (no boots)
Res.Rott. : .       Flight     : .   e - amulet of faith
Saprovore : . . .                    R - +1 ring of protection
                                     Y - +5 ring of intelligence

@: very slightly contaminated, somewhat resistant to hostile enchantments,
stealthy
A: no striking features
a: Heroism, Renounce Religion


You were on level 10 of the Dungeon.
You worshipped Okawaru.
Okawaru was greatly pleased with you.
You were very hungry.

You visited 3 branches of the dungeon, and saw 13 of its levels.

You collected 916 gold pieces.
You spent 412 gold pieces at shops.

Inventory:

Hand weapons
 a - a +2,+3 falchion (weapon)
 s - a +0,+0 sling
 v - a +0 blowgun
 Q - a +1,+2 orcish falchion
Missiles
 j - 56 stones (quivered)
 B - 8 poisoned needles
 T - 14 exploding darts
Armour
 h - a +3 leather armour of fire resistance
 l - the +0 robe "Kaixiz" {SInv Curse}
   (You found it on level 10 of the Dungeon)

   It enhances your eyesight.
   It may recurse itself.
 I - a +0 dwarven cloak
 M - the +1 robe "Lianiemuso" {rPois Int+1}
   (You found it on level 7 of the Dungeon)

   It affects your intelligence (+1).
   It protects you from poison.
 W - the +2 buckler of Parts Unknown {rC+ Dex+3 Int-5 Dam+5}
   (Okawaru gifted it to you on level 1 of the Orcish Mines)

   It affects your intelligence (-5).
   It affects your dexterity (+3).
   It affects your damage-dealing abilities (+5).
   It protects you from cold.
Magical devices
 b - a wand of frost (6)
 y - a wand of confusion (1)
 E - a wand of frost (7)
 J - a wand of flame (0)
Comestibles
 o - a meat ration
Scrolls
 d - a scroll of remove curse
 g - a scroll of blinking
 i - 5 scrolls of identify
 n - a scroll of noise
 p - a scroll of curse jewellery
 q - a scroll of immolation
 u - 2 scrolls of curse armour
 z - 2 scrolls of random uselessness
 C - 4 scrolls of teleportation
 X - a scroll of curse weapon
 Z - a scroll of fear
Jewellery
 e - an amulet of faith (around neck)
 t - an uncursed amulet of clarity
 N - an uncursed amulet of resist corrosion
 R - a +1 ring of protection (right hand)
 Y - a +5 ring of intelligence (left hand)
Potions
 f - 3 potions of curing
 k - 3 potions of resistance
 m - 2 potions of restore abilities
 x - a potion of agility
 D - 2 potions of might
 G - a potion of confusion
 H - a potion of invisibility
 K - a potion of poison
 L - a potion of speed
 O - a potion of paralysis
 P - a potion of brilliance
 U - a potion of degeneration
Books
 c - a book of Battle

   Spells                             Type                      Level
   *Infusion                          Charms                       1
   *Shroud of Golubria                Charms/Translocation         2
   *Song of Slaying                   Charms                       2
   *Spectral Weapon                   Hexes/Charms                 3
   Regeneration                       Charms/Necromancy            3
   Song of Shielding                  Charms                       4
 V - a book of the Tempests

   Spells                             Type                      Level
   Static Discharge                   Conjuration/Air              3
   Lightning Bolt                     Conjuration/Air              5
   Fireball                           Conjuration/Fire             5
   Tornado                            Air                          9
   Shatter                            Earth                        9


   Skills:
 * Level 6.6 Fighting
 * Level 8.4 Long Blades
 * Level 5.7 Armour
 * Level 6.9 Dodging
 + Level 5.0 Stealth
 * Level 7.1 Spellcasting
 + Level 3.4 Hexes
 + Level 6.5 Charms
 - Level 3.1 Translocations
 * Level 4.8 Invocations


You had 15 spell levels left.
You knew the following spells:

 Your Spells              Type           Power        Failure   Level  Hunger
a - Infusion              Chrm           #####.       1%          1    None
b - Song of Slaying       Chrm           #####.....   1%          2    None
c - Spectral Weapon       Hex/Chrm       ####....     2%          3    None
h - Shroud of Golubria    Chrm/Tloc      ####......   1%          2    None


Dungeon Overview and Level Annotations

Branches:
Dungeon (10/27)            Temple (1/1) D:6             Orc (2/4) D:9
   Lair: D:8-13

Altars:
Ashenzari
Cheibriados
Elyvilon
Fedhas
Kikubaaqudgha
Makhleb
Nemelex Xobeh
Okawaru
Sif Muna
Trog
Vehumet
Xom
Yredelemnul
Zin
the Shining One

Shops:
D:7 !   D:8 !   Orc:2 ?[/

Portals:
Trove: D:10 (give +3 fire dragon armour)


Message History

It hits you!
You continue taking off your +3 leather armour of fire resistance.
It hits you.
* * * LOW HITPOINT WARNING * * *
You continue taking off your +3 leather armour of fire resistance.
It hits you but does no damage.
You finish taking off your +3 leather armour of fire resistance. "Was it this warm in here before?"
Wear which item? (? for menu, Esc to quit)
It hits you!
Keep equipping yourself?
* * * LOW HITPOINT WARNING * * *
You start putting on your armour.
You continue putting on the +0 robe "Kaixiz" {SInv Curse}.
It hits you.
* * * LOW HITPOINT WARNING * * *
It hits you but does no damage.
You continue putting on the +0 robe "Kaixiz" {SInv Curse}.
It hits you.
You die...

▒∙∙▒▒▒▒▒∙∙∙∙∙∙∙∙∙∙∙∙∙∙▒
▒▒∙∙∙∙∙∙∙∙∙∙∙∙∙∙∙∙∙∙∙∙∙▒
▒(∙∙∙∙∙∙∙∙∙∙∙∙∙∙∙$∙∙▒
▒∙∙∙∙∙▒▒▒▒▒▒∙∙∙∙∙∙▒▒▒
∙∙∙▒▒▒▒ ▒▒∙∙∙∙∙∙▒ ∙∙∙∙▒▒
▒∙∙∙∙∙∙∙▒ ▒∙∙∙(▒▒
▒▒∙∙∙▒▒∙∙▒
▒▒∙∙∙∙▒▒▒▒∙∙∙▒ ▒∙∙▒▒
▒▒∙(∙∙▒▒∙∙∙▒ ▒∙∙∙▒
▒▒▒∙∙)∙∙∙▒ ▒▒∙∙∙▒
▒▒∙∙∙∙∙▒▒▒▒∙@∙∙▒▒
▒▒∙∙∙∙∙∙∙∙∙∙∙∙∙▒
▒∙∙∙∙∙∙∙<∙∙∙∙▒▒
▒∙∙▒▒▒▒▒▒▒▒▒▒▒ ▒▒∙∙▒ ▒
▒∙∙▒▒ ▒ ▒▒∙∙▒ ▒▒ ▒∙∙∙▒
∙▒▒▒▒∙∙∙▒▒▒▒▒▒▒
∙∙∙∙▒∙∙∙∙∙∙∙∙∙▒
∙∙∙∙∙∙∙∙∙∙∙∙∙▒▒


There were no monsters in sight!

Vanquished Creatures
  A centaur warrior (D:9)
  An unseen horror (D:10)
  Psyche (Orc:1)
  A hydra skeleton (D:9)
  3 wolves
  4 yaks (D:9)
  Eustachio (D:7)
  Grum (D:9)
  A hungry ghost (D:7)
  A sky beast (D:8)
  2 ice beasts
  5 orc warriors
  A black bear (D:10)
  8 ogres
  Sigmund (D:7)
  2 centaurs
  3 phantoms
  6 giant frogs
  A troll skeleton (D:4)
  The ghost of epsilon the Charmwright, a weakling DsSk of Sif Muna (D:3)
  A yak skeleton (D:9)
  2 jellies
  A goliath beetle (D:8)
  A quasit (D:10)
  A yellow wasp zombie (D:9)
  5 hounds
  7 orc priests
  A water moccasin zombie (D:5)
  4 crimson imps
  3 centaur skeletons
  4 iguanas
  18 orc wizards
  A water moccasin skeleton (D:4)
  4 scorpions
  3 worker ants
  A crocodile skeleton (D:9)
  9 green rats (D:4)
  A gnoll (D:3)
  8 adders
  An inept feature mimic (D:5)
  2 giant mites
  3 worms
  A giant centipede zombie (D:8)
  An adder skeleton (D:4)
  2 adder zombies (D:5)
  A giant eyeball (D:8)
  7 giant geckos
  3 oozes
  102 orcs
  A ball python (D:6)
  19 bats
  7 giant cockroaches
  16 hobgoblins
  14 jackals
  15 kobolds
  5 quokkas
  4 training dummies (D:4)
  5 giant newts
  21 goblins
  A kobold skeleton (D:5)
  31 rats
382 creatures vanquished.

Vanquished Creatures (others)
  4 spectral weapons
  A giant spore (D:7)
5 creatures vanquished.

Grand Total: 387 creatures vanquished

Notes
Turn   | Place    | Note
--------------------------------------------------------------
     0 | D:1      | Illaniel, the High Elf Skald, began the quest for the Orb.
     0 | D:1      | Reached XP level 1. HP: 13/13 MP: 4/4
   205 | D:1      | Reached skill level 1 in Armour
   273 | D:1      | Reached XP level 2. HP: 16/18 MP: 6/6
   278 | D:1      | Learned a level 2 spell: Song of Slaying
   281 | D:1      | Learned a level 2 spell: Shroud of Golubria
   671 | D:2      | Found a blossoming altar of Fedhas.
  1278 | D:2      | Reached XP level 3. HP: 17/23 MP: 0/9
  1830 | D:3      | Noticed epsilon's ghost (weakling DsSk)
  1876 | D:2      | Reached skill level 4 in Charms
  2369 | D:3      | Reached XP level 4. HP: 27/29 MP: 8/11
  2374 | D:3      | Learned a level 3 spell: Spectral Weapon
  3215 | D:3      | Reached XP level 5. HP: 12/34 MP: 2/14
  3556 | D:3      | Killed epsilon's ghost
  3669 | D:4      | Found an iron altar of Okawaru.
  3687 | D:4      | Became a worshipper of Warmaster Okawaru
  4128 | D:4      | Reached XP level 6. HP: 22/40 MP: 9/17
  4235 | D:4      | Reached skill level 1 in Stealth
  4802 | D:4      | Acquired Okawaru's first power
  4978 | D:4      | Reached XP level 7. HP: 34/45 MP: 7/19
  5009 | D:4      | Reached skill level 5 in Long Blades
  5356 | D:4      | Reached skill level 1 in Translocations
  5641 | D:5      | Entered Level 5 of the Dungeon
  6098 | D:5      | Found a burning altar of Makhleb.
  6417 | D:5      | Reached skill level 1 in Hexes
  6417 | D:5      | Reached skill level 5 in Charms
  6537 | D:5      | Found a deep blue altar of Sif Muna.
  6538 | D:5      | Found a bloodstained altar of Trog.
  6661 | D:6      | Found a staircase to the Ecumenical Temple.
  6671 | Temple   | Entered the Ecumenical Temple
  7270 | D:6      | Reached XP level 8. HP: 40/51 MP: 16/21
  7421 | D:7      | Noticed Sigmund
  7508 | D:7      | Got a dull robe
  7529 | D:6      | Identified the +1 robe "Lianiemuso" {rPois Int+1} (You found it on level 7 of the Dungeon)
  7784 | D:7      | Noticed Eustachio
  7803 | D:7      | Killed Eustachio
  7975 | D:7      | Reached skill level 5 in Spellcasting
  8151 | D:7      | Killed Sigmund
  8151 | D:7      | Reached skill level 6 in Long Blades
  8267 | D:7      | Found Jemaeh's Distillery.
  8277 | D:7      | Bought a potion of paralysis for 13 gold pieces
  8277 | D:7      | Bought a potion of curing for 26 gold pieces
  8277 | D:7      | Bought a potion of heal wounds for 39 gold pieces
  8277 | D:7      | Bought a potion of brilliance for 32 gold pieces
  8693 | D:8      | Found a white marble altar of Elyvilon.
  8737 | D:8      | Paralysed by a giant eyeball for 3 turns
  9197 | D:8      | Reached skill level 5 in Dodging
  9197 | D:8      | Reached XP level 9. HP: 30/57 MP: 19/23
  9391 | D:8      | Found Diwkog's Distillery.
  9408 | D:8      | Bought a potion of degeneration for 24 gold pieces
  9671 | D:9      | Noticed a centaur warrior
 10034 | D:9      | Killed a centaur warrior
 10034 | D:9      | Reached skill level 5 in Fighting
 10034 | D:9      | Reached skill level 1 in Invocations
 10142 | D:7      | Bought a potion of heal wounds for 39 gold pieces
 10142 | D:7      | Bought a potion of heal wounds for 39 gold pieces
 10548 | D:9      | Reached skill level 7 in Long Blades
 10705 | D:9      | Acquired Okawaru's second power
 10951 | D:9      | Reached XP level 10. HP: 34/64 MP: 10/26
 11102 | D:9      | Identified a cursed -1 rod of striking (7/8) (You took it off an orc priest on level 9 of the Dungeon)
 11242 | D:9      | Found a staircase to the Orcish Mines.
 11374 | D:10     | Entered Level 10 of the Dungeon
 11500 | Orc:1    | Entered Level 1 of the Orcish Mines
 11583 | Orc:1    | Found a burning altar of Makhleb.
 11593 | Orc:1    | Noticed Psyche
 11683 | Orc:1    | Killed Psyche
 11683 | Orc:1    | Reached skill level 5 in Armour
 11712 | Orc:1    | Noticed Grum
 11724 | Orc:1    | Received a gift from Okawaru
 12220 | D:9      | Killed Grum
 12271 | Orc:1    | Got a brightly glowing buckler {god gift}
 12287 | Orc:1    | Identified the +2 buckler of Parts Unknown {rC+ Dex+3 Int-5 Dam+5} (Okawaru gifted it to you on level 1 of the Orcish Mines)
 12420 | Orc:2    | Found Strobireupt's Magic Scroll Boutique.
 12668 | Orc:2    | Found Skita's Armour Emporium.
 12684 | Orc:2    | Reached skill level 8 in Long Blades
 12703 | Orc:2    | Found Blesompi's Magical Wand Emporium.
 13881 | Orc:2    | Bought a scroll of immolation for 10 gold pieces
 13881 | Orc:2    | Bought a scroll of teleportation for 30 gold pieces
 13881 | Orc:2    | Bought a scroll of identify for 20 gold pieces
 13881 | Orc:2    | Bought 3 scrolls of identify for 60 gold pieces
 13881 | Orc:2    | Bought a scroll of identify for 20 gold pieces
 13881 | Orc:2    | Bought a scroll of remove curse for 30 gold pieces
 14445 | Orc:2    | Bought a scroll of remove curse for 30 gold pieces
 14665 | D:10     | Found a portal to a secret trove of treasure.
 14715 | D:10     | Killed an unseen horror
 14715 | D:10     | Reached skill level 5 in Stealth
 14723 | D:10     | Got a creamy pearl robe
 14738 | D:10     | Identified the +0 robe "Kaixiz" {SInv Curse} (You found it on level 10 of the Dungeon)
 14787 | D:10     | Slain by an unseen horror

Action                   |  1- 3 |  4- 6 |  7- 9 | 10-12 || total
-------------------------+-------+-------+-------+-------++-------
Melee: Falchion          |   148 |   179 |   340 |   293 ||   960
       Long sword        |       |       |    79 |       ||    79
 Fire: Blowgun           |       |       |    38 |     3 ||    41
       Sling             |       |       |     8 |       ||     8
Throw: Stone             |       |       |     3 |       ||     3
 Cast: Infusion          |    22 |    33 |    56 |    26 ||   137
       Shroud of Golubri |     5 |     6 |    16 |    24 ||    51
       Song of Slaying   |     1 |     7 |     8 |       ||    16
       Spectral Weapon   |       |    24 |    54 |    37 ||   115
Invok: Heroism           |       |       |     5 |     9 ||    14
       Finesse           |       |       |       |     3 ||     3
 Abil: Stop Singing      |       |       |     1 |       ||     1
Evoke: Wand              |       |     3 |    16 |     2 ||    21
  Use: Scroll            |     6 |     2 |     7 |    12 ||    27
       Potion            |       |     1 |     3 |     6 ||    10
 Stab: Sleeping          |       |       |     1 |     1 ||     2
       Distracted        |       |       |       |     4 ||     4
